 Dungeon Crawl Stone Soup version 0.27-a0-1202-ge72e49191c (webtiles) character file.

Game seed: 14308350843346464907

101 freelancePsychic the Firebug (level 4, -6/24 HPs)
             Began as a Gargoyle Fire Elementalist on June 3, 2021.
             Killed from afar by a white imp (8 damage)
             ... with a puff of frost
             ... summoned by Natasha
             ... on level 3 of the Dungeon.
             The game lasted 00:04:36 (2683 turns).

freelancePsychic the Firebug (GrFE)                 Turns: 2683, Time: 00:04:37

Health: -6/24      AC:  5    Str: 12    XL:     4   Next: 75%
Magic:  3/8        EV: 11    Int: 16    God:
Gold:   79         SH:  0    Dex: 10    Spells: 8/9 levels left

rFire    . . .     SeeInvis .   (no weapon)
rCold    . . .     Faith    .   (no shield)
rNeg     + . .     Spirit   .   a - +0 robe
rPois    ∞         Reflect  .   (no helmet)
rElec    +         Harm     .   (no cloak)
rCorr    .         Rampage  .   (no gloves)
Will     .....                  (no boots)
Stlth    ++........             (no amulet)
HPRegen  0.08/turn              (no ring)
MPRegen  0.11/turn              (no ring)

@: no status effects
A: sickness immunity, AC +3, negative energy resistance 1, electricity
resistance, torment resistance 1, petrification resistance
a: no special abilities


You were on level 3 of the Dungeon.
You visited 1 branch of the dungeon, and saw 3 of its levels.

You collected 79 gold pieces.

Inventory:

Armour
 a - a +0 robe (worn)
Jewellery
 c - an amulet of faith
 f - a ring of flight
Scrolls
 e - a scroll of torment {unknown}
 h - a scroll of immolation {unknown}
 i - a scroll of fog {unknown}
Potions
 b - a potion of ambrosia {unknown}
 d - a potion of heal wounds {unknown}
 g - a potion of haste {unknown}


   Skills:
 - Level 1.5 Dodging
 - Level 2.1 Stealth
 + Level 3.0 Spellcasting
 + Level 2.8 Conjurations
 + Level 3.9 Fire Magic


You had 8 spell levels left.
You knew the following spells:

 Your Spells              Type           Power      Damage    Failure   Level
a - Foxfire               Conj/Fire      52%        2x1d6     4%          1

Your spell library contained the following spells:

 Spells                   Type           Power      Damage    Failure   Level
 Conjure Flame            Conj/Fire      13%        6-21      14%         3
 Inner Flame              Hex/Fire       8%         N/A       26%         3
 Sticky Flame             Conj/Fire      13%        2d4       41%         4
 Fireball                 Conj/Fire      6%         3d5       77%         5


Dungeon Overview and Level Annotations

Branches:
Dungeon (3/15)

Altars:
Dithmenos

Annotations:
D:3 Natasha


Innate Abilities, Weirdness & Mutations

You are immune to sickness and miasma.
Your stone body is resilient. (AC +3)
You are immune to poison.
You resist negative energy. (rN+)
You are resistant to electric shocks. (rElec)
You are resistant to unholy torment.
You are immune to petrification.


Message History

Natasha howls an incantation.
Natasha's front paws start to glow.
Natasha claws you!
Casting: Foxfire (safe; 4% risk of failure)
Confirm with . or Enter, or press ? or * to list all spells.
You conjure some foxfire!
Natasha closely misses you.
The foxfire hits Natasha.
Natasha is severely wounded.
Natasha claws you.
Casting: Foxfire (safe; 4% risk of failure)
Confirm with . or Enter, or press ? or * to list all spells.
You conjure some foxfire!
The goblin shouts!
You hear a shout!
Natasha mumbles some strange words.
The foxfire hits Natasha.
Natasha is almost dead.
Natasha barely misses you.
Casting: Foxfire (safe; 4% risk of failure)
Confirm with . or Enter, or press ? or * to list all spells.
There is not enough space to conjure foxfire!
Natasha misses you. The white imp misses you.
Natasha stares at you and mumbles some strange words.
You resist with some effort. The white imp hits you. The white imp freezes you.
* * * LOW HITPOINT WARNING * * *
Your foxfire dissipates!
Natasha mumbles some strange words.
You see here an adder corpse.
Casting: Foxfire (safe; 4% risk of failure)
Confirm with . or Enter, or press ? or * to list all spells.
You conjure some foxfire!
The white imp misses you.
Your foxfire dissipates!
The foxfire hits the white imp.
The white imp is lightly wounded.
The white imp gestures at you. The puff of frost hits you.
* * * LOW HITPOINT WARNING * * *
The iron imp disappears in a puff of smoke!
Natasha mumbles some strange words.
The white imp gestures at you. The puff of frost hits you!
You die...

#.........#
#.#
#.#######g#
#.#
#†#######.#
#hg.......#
#5#########
### #5# ...
#.# ###
.#######.#
.......@.#
###.######
## #.
########.
#<...÷...
#.#######
...# ###.#
#.#


You could see Natasha, 2 white imps and 2 goblins.

Vanquished Creatures
  3 gnolls (D:2)
  2 adders
  An adder skeleton (D:2)
  5 endoplasms
  2 giant cockroaches
  A goblin (D:1)
  6 hobgoblins (D:1)
  10 jackals
  5 quokkas
  3 ball pythons
  A bat (D:1)
  3 frilled lizards
  A kobold (D:2)
  3 rats
46 creatures vanquished.

Vanquished Creatures (others)
  186 foxfires
186 creatures vanquished.

Grand Total: 232 creatures vanquished

Notes
Turn   | Place    | Note
-------+----------+-------------------------------------------
     0 | D:1      | freelancePsychic the Gargoyle Fire Elementalist began the
                  | quest for the Orb.
     0 | D:1      | Reached XP level 1. HP: 10/10 MP: 3/3
   376 | D:1      | Reached XP level 2. HP: 15/15 MP: 0/5
   853 | D:1      | Found a shadowy altar of Dithmenos.
  1249 | D:2      | Reached XP level 3. HP: 19/19 MP: 3/6
  2170 | D:2      | Reached XP level 4. HP: 24/24 MP: 2/8
  2544 | D:3      | Found a shadowy altar of Dithmenos.
  2575 | D:3      | Noticed Natasha
  2681 | D:3      | HP: 1/24 [white imp/puff of frost[Natasha] (6)]
  2683 | D:3      | Killed from afar by a white imp

Illustrated notes

Levels and vault maps discovered:
D:1:      zaba_arrival_water, layout_basic, kennysheep_flooded_box
D:2:      layout_basic, kennysheep_nub, minmay_tromino_i2
D:3:      layout_loops_ring, nicolae_dithmenos_shadow_blocks,
          pdpol_wu_jian_five_deadly_venoms, uniq_natasha

Skill      XL: |  1  2  3  4 |
---------------+-------------+-----
Conjurations   | 2 |  2.8
Spellcasting   | 3 |  3.0
Dodging        | |  1.5
Stealth        | |  2.1
Fire Magic     | |  3.9

Action                   |  1- 3 |  4- 6 || total
-------------------------+-------+-------++-------
Melee: Unarmed           |     4 |       ||     4
 Cast: Foxfire           |    94 |    32 ||   126
  Use: Scroll            |     2 |       ||     2
Armor: Robe              |    14 |    10 ||    24
Dodge: Dodged            |    32 |    31 ||    63

Table legend: (Time is in decaauts)
 A = Elapsed time spent in this place.
 B = Non-inter-level travel time spent in this place.
 C = Inter-level travel time spent in this place.
 D = Time resting spent in this place.
 E = Time spent auto-exploring this place.
 F = Levels seen in this place.
 G = Mean time per level.
                   A        B        C        D        E       F      G
               +--------+--------+--------+--------+--------+-----+--------+
         Total |   2690 |   2656 |     34 |     48 |   2186 |   3 |  896.7 |
       Dungeon |   2690 |   2656 |     34 |     48 |   2186 |   3 |  896.7 |
               +--------+--------+--------+--------+--------+-----+--------+

Top non-repeatable levels by time:
     D:1: 1212 daAuts
     D:2: 1117 daAuts
     D:3: 360 daAuts
